 Dungeon Crawl Stone Soup version 0.20.0-14-g326068f (webtiles) character file.

2653 asdasd2 the Cleaver (level 9, -1/75 HPs)
             Began as a Minotaur Fighter on June 8, 2017.
             Was a Follower of Okawaru.
             Slain by Duvessa
             ... wielding a +0 short sword
              (4 damage)
             ... on level 6 of the Dungeon.
             The game lasted 00:08:15 (5915 turns).

asdasd2 the Cleaver (Minotaur Fighter)              Turns: 5915, Time: 00:08:15

Health: -1/75      AC: 10    Str: 24    XL:     9   Next: 36%
Magic:  8/8        EV: 11    Int:  5    God:    Okawaru [*.....]
Gold:   342        SH:  0    Dex: 10    Spells: 8/8 levels left

rFire    . . .     SeeInvis .   a - +1 war axe
rCold    . . .     Gourm    .   (no shield)
rNeg     . . .     Faith    .   b - +0 scale mail
rPois    .         Spirit   .   (helmet restricted)
rElec    .         Reflect  .   (no cloak)
rCorr    .         Harm     .   (no gloves)
MR       .....     Rnd*Tele +   n - +0 pair of boots
Stlth    +.........             (no amulet)
Regen    0.3/turn               i - ring of teleportation (curse)
MPRegen  0.2/turn               r - ring of stealth

@: no status effects
A: retaliatory headbutt, horns 2
a: Heroism, Renounce Religion


You were on level 6 of the Dungeon.
You worshipped Okawaru.
Okawaru was aware of your devotion.
You were not hungry.

You visited 2 branches of the dungeon, and saw 7 of its levels.

You collected 342 gold pieces.

Inventory:

Hand Weapons
 a - a +1 war axe (weapon)
Armour
 b - a +0 scale mail (worn)
 n - a +0 pair of boots (worn)
Jewellery
 i - a cursed ring of teleportation (left hand)
 r - a ring of stealth (right hand)
Wands
 p - a wand of confusion (21/48)
 q - a wand of digging (8/24)
Scrolls
 g - 2 scrolls of teleportation
 m - 3 scrolls of amnesia
Potions
 d - a potion of curing {unknown}
 e - a potion of berserk rage {unknown}
 h - 3 potions of flight {unknown}
 j - a potion of invisibility {unknown}
 k - 5 potions of heal wounds {unknown}
 o - 2 potions of mutation {unknown}
Comestibles
 c - 6 royal jellies
 f - 4 bread rations
 l - a meat ration


   Skills:
 + Level 6.3 Fighting
 * Level 11.1 Axes
 * Level 9.5 Armour
 + Level 2.4 Dodging
   Level 3.6 Shields


You had 8 spell levels left.
You didn't know any spells.

Dungeon Overview and Level Annotations

Branches:
Dungeon (6/15)             Temple (1/1) D:5

Altars:
Ashenzari
Cheibriados
Dithmenos
Elyvilon
Fedhas
Gozag
Hepliaklqana
Kikubaaqudgha
Makhleb
Nemelex Xobeh
Okawaru
Qazlal
Ru
Sif Muna
Trog
Vehumet
Xom
Yredelemnul
Zin
The Shining One

Annotations:
D:6 Duvessa


Innate Abilities, Weirdness & Mutations

You reflexively headbutt those who attack you in melee.
You have a pair of horns on your head.


Message History

You are too injured to fight recklessly!
You are too injured to fight recklessly!
You slash Duvessa!
Duvessa is severely wounded.
Duvessa hits you with a short sword. Duvessa barely misses you.
You furiously retaliate!
You headbutt Duvessa. You hit Duvessa.
Duvessa is severely wounded.
Duvessa hits you with a short sword!
* * * LOW HITPOINT WARNING * * *
You barely miss Duvessa.
Duvessa is severely wounded.
Duvessa hits you with a short sword.
* * * LOW HITPOINT WARNING * * *
Duvessa hits you with a short sword!
* * * LOW HITPOINT WARNING * * *
You hit Duvessa.
Duvessa is almost dead.
Duvessa hits you with a short sword.
You die...

##.#.#..#.# #..#.#....#
#....##...#§§§§§§§§§§§#.##.###...
....<'....#§§§§§8§§§§§#.##.###..<
......##..#§§§§###§§§§#.##.......
.....#.#..#§§§§#_#§§§§#.########.
##.#..#...#§§§§#.#§§§§#.# #.
#.#...#..#§§§§#.#§§§§#.# #.
#.......[#§§§§#e#§§§§#.########.
#.###....######@######..........
#...'............#.##.##########
#####.(....####..#.##...#
#.....>..##....##...#
#...#..#.#......'...#
#...##.#...######...####
#...##.###.# #.......# ######.#
#.# #.......# #.# #.# #.......#


You could see a diamond obelisk and Duvessa (berserk).

Vanquished Creatures
  Pikel (D:5)
  The ghost of skittles the Firebug, a novice DrFE (D:3)
  Grinder (D:3)
  Prince Ribbit (D:5)
  3 phantoms
  2 slaves
  3 ogres
  A bullfrog (D:6)
  Dowan (D:6)
  2 crimson imps
  A centaur zombie (D:6)
  A hound (D:5)
  Crazy Yiuf (D:6)
  4 orc priests
  Jessica (D:3)
  2 iguanas
  Natasha (thrice) (D:2)
  2 orc wizards (D:6)
  A hound zombie (D:6)
  18 gnolls
  9 adders
  A shadow imp (D:6)
  2 oozes
  3 worms
  5 leopard geckos
  14 orcs
  2 ball pythons (D:4)
  A giant cockroach (D:3)
  4 goblins
  4 hobgoblins
  9 jackals
  6 kobolds
  5 quokkas
  12 bats
  2 frilled lizards
  A leopard gecko skeleton (D:4)
  A leopard gecko zombie (D:5)
  10 rats
141 creatures vanquished.

Vanquished Creatures (others)
  A hound (D:6)
1 creature vanquished.

Grand Total: 142 creatures vanquished

Notes
Turn   | Place    | Note
-------+----------+-------------------------------------------
     0 | D:1      | asdasd2 the Minotaur Fighter began the quest for the Orb.
     0 | D:1      | Reached XP level 1. HP: 19/19 MP: 0/0
   321 | D:1      | Reached XP level 2. HP: 27/27 MP: 1/1
   781 | D:2      | Reached skill level 3 in Axes
   781 | D:2      | Reached XP level 3. HP: 24/33 MP: 2/2
  1175 | D:2      | Reached XP level 4. HP: 30/40 MP: 3/3
  1186 | D:2      | Noticed Natasha
  1191 | D:2      | Killed Natasha
  1257 | D:2      | Reached skill level 4 in Axes
  1257 | D:2      | Reached skill level 5 in Armour
  1414 | D:2      | Noticed Natasha
  1418 | D:2      | Killed Natasha
  1418 | D:2      | Reached XP level 5. HP: 47/47 MP: 4/4
  1464 | D:2      | Noticed Natasha
  1476 | D:2      | Killed Natasha
  2015 | D:3      | Found a radiant altar of Vehumet.
  2031 | D:3      | Found a basalt altar of Yredelemnul.
  2072 | D:3      | Noticed an ogre
  2076 | D:3      | Killed an ogre
  2076 | D:3      | Reached skill level 5 in Axes
  2076 | D:3      | Reached XP level 6. HP: 33/53 MP: 5/5
  2208 | D:3      | Found a blossoming altar of Fedhas.
  2254 | D:3      | Noticed Grinder
  2256 | D:3      | Paralysed by Grinder for 5 turns
  2265 | D:3      | Paralysed by Grinder for 5 turns
  2273 | D:3      | Paralysed by Grinder for 4 turns
  2281 | D:3      | Paralysed by Grinder for 4 turns
  2292 | D:3      | Killed Grinder
  2292 | D:3      | Reached skill level 6 in Axes
  2599 | D:3      | Noticed Jessica
  2603 | D:3      | Killed Jessica
  2626 | D:3      | Noticed skittles's ghost (novice DrFE)
  2638 | D:3      | Killed skittles's ghost
  2638 | D:3      | Reached skill level 5 in Fighting
  2638 | D:3      | Reached skill level 7 in Axes
  2638 | D:3      | Reached skill level 1 in Dodging
  2638 | D:3      | Reached XP level 7. HP: 59/61 MP: 6/6
  2720 | D:3      | Found an opulent altar of Gozag.
  2985 | D:4      | Reached skill level 8 in Axes
  2986 | D:4      | Reached XP level 8. HP: 23/68 MP: 7/7
  3771 | D:5      | Entered Level 5 of the Dungeon
  3823 | D:5      | Found a bloodstained altar of Trog.
  3860 | D:5      | Reached skill level 9 in Axes
  4324 | D:5      | Found a staircase to the Ecumenical Temple.
  4455 | D:5      | Noticed Prince Ribbit
  4715 | D:5      | Killed Prince Ribbit
  4996 | Temple   | Entered the Ecumenical Temple
  5143 | Temple   | Became a worshipper of Warmaster Okawaru
  5205 | D:6      | Noticed Pikel
  5468 | D:5      | Killed Pikel
  5468 | D:5      | Reached skill level 10 in Axes
  5468 | D:5      | Reached XP level 9. HP: 66/75 MP: 8/8
  5494 | D:6      | Found a stormy altar of Qazlal.
  5528 | D:6      | Found a runed door.
  5532 | D:6      | Noticed Crazy Yiuf
  5534 | D:6      | Killed Crazy Yiuf
  5559 | D:6      | Reached * piety under Okawaru
  5735 | D:6      | Reached skill level 11 in Axes
  5761 | D:6      | Noticed Dowan
  5781 | D:6      | Killed Dowan
  5903 | D:6      | Noticed Duvessa
  5914 | D:6      | HP: 3/75 [Duvessa/short sword (9)]
  5915 | D:6      | Slain by Duvessa

Skill      XL: |  1  2  3  4  5  6  7  8  9 |
---------------+----------------------------+-----
Armour         | 4 5 7 9 |  9.5
Fighting       | 4 5 6 |  6.3
Axes           | 3 4 5 7 8 10 11 | 11.1
Dodging        | 1 2 |  2.4
Shields        | |  3.6

Action                   |  1- 3 |  4- 6 |  7- 9 || total
-------------------------+-------+-------+-------++-------
Melee: War axe           |    53 |   109 |   202 ||   364
       Headbutt          |    11 |    16 |    24 ||    51
  Use: Potion            |       |     2 |       ||     2
       Scroll            |       |     6 |     1 ||     7
  Eat: Chunk             |       |     6 |     5 ||    11
       Fruit             |       |       |     2 ||     2
       Meat ration       |       |       |     1 ||     1
Armor: Scale mail        |    50 |    50 |    67 ||   167
Dodge: Dodged            |    43 |    48 |    95 ||   186
